 Dungeon Crawl Stone Soup version 0.21.1-1-g345015f (webtiles) character file.

666 inc the Covert (level 7, 31/31 HPs)
             Began as a Felid Monk on Mar 16, 2018.
             Was an Initiate of Gozag.
             Quit the game on level 5 of the Dungeon.
             The game lasted 00:12:51 (5836 turns).

inc the Covert (Felid Monk)                         Turns: 5836, Time: 00:12:52

Health: 31/31      AC:  2    Str:  7    XL:     7   Next: 31%
Magic:  8/8        EV: 27    Int: 15    God:    Gozag
Gold:   294        SH:  0    Dex: 19    Spells: 6/6 levels left
                                        Lives:  1   Deaths: 1

rFire    . . .     SeeInvis +     - Unarmed
rCold    . . .     Gourm    .   (shield unavailable)
rNeg     . . .     Faith    .   (armour unavailable)
rPois    .         Spirit   .   (helmet unavailable)
rElec    .         Reflect  .   (cloak unavailable)
rCorr    .         Harm     .   (gloves unavailable)
MR       ++...                  (boots unavailable)
Stlth    +++++.....             (no amulet)
HPRegen  0.10/turn              q - ring of flight
MPRegen  0.11/turn              c - +3 ring of evasion

@: quick
A: very small, no armour, no weapons or thrown items, stealth, claws 1, fangs 3,
see invisible, carnivore, clever 1, speed 1, magic resistance 1, shaggy fur 2,
slow metabolism 1, sharp paws
a: Potion Petition, Call Merchant, Bribe Branch, Renounce Religion, Evoke Flight


You were on level 5 of the Dungeon.
You worshipped Gozag.
Gozag was aware of your devotion.
You were not hungry.

You visited 1 branch of the dungeon, and saw 6 of its levels.

You collected 294 gold pieces.

Inventory:

Jewellery
 c - a +3 ring of evasion (right paw)
 g - an uncursed ring of teleportation
 o - an uncursed ring of fire
 q - a ring of flight (left paw)
Wands
 b - a wand of acid (8)
Scrolls
 e - 2 scrolls of enchant weapon {unknown}
 f - a scroll of random uselessness {unknown}
 h - 2 scrolls of teleportation {unknown}
 i - 2 scrolls of amnesia {unknown}
 j - 3 scrolls of remove curse
 k - 2 scrolls of magic mapping
 l - a scroll of noise
 m - 2 scrolls of fog {unknown}
 n - a scroll of fear {unknown}
 r - a scroll of enchant armour {unknown}
 s - a scroll of identify
 v - a scroll of immolation {unknown}
Potions
 d - a potion of brilliance
 p - 3 potions of flight
Books
 t - a book of Changes

   Spells                             Type                      Level
   a - Beastly Appendage              Transmutation                1
   b - Sticks to Snakes               Transmutation                2
   c - Spider Form                    Transmutation/Poison         3
   d - Ice Form                       Ice/Transmutation            4
   e - Blade Hands                    Transmutation                5
Comestibles
 a - 7 rations
 u - a chunk of flesh


   Skills:
 - Level 3.0 Fighting
 - Level 7.8 Dodging
 + Level 10.3 Stealth
 - Level 6.0 Unarmed Combat


You had 6 spell levels left.
You didn't know any spells.

Dungeon Overview and Level Annotations

Branches:
Dungeon (6/15)
 Temple: D:4-7

Altars:
Gozag
The Shining One

Annotations:
D:2 Terence
D:4 Sigmund; letownia2's ghost, weakling MfTm
D:6 Prince Ribbit


Innate Abilities, Weirdness & Mutations

You cannot wear armour.
You are incapable of wielding weapons or throwing items.
Your paws allow you to move quietly. (Stealth)
You have sharp claws.
You have razor-sharp teeth.
You have supernaturally acute eyesight. (SInv)
You are carnivorous and can eat meat at any time.
You cover ground quickly.
You are covered in thick fur. (AC +2)
You have a slow metabolism.
Your sharp claws are effective at attacking unaware monsters.
Your mind is acute. (Int +2)
You are resistant to hostile enchantments. (MR+)


Message History

An ogre is nearby!
You scratch the ogre but do no damage. The ogre hits you with a giant club!
You scratch the ogre.
The ogre is lightly wounded.
You scratch the ogre. You claw the ogre!
The ogre is heavily wounded.
The ogre completely misses you.
You barely miss the ogre.
The ogre is heavily wounded.
The ogre completely misses you.
You scratch the ogre. You claw the ogre.
The ogre is severely wounded.
You claw the ogre!
The ogre is almost dead.
The ogre hits you with a giant club!!
Ouch! That really hurt!
You die...
You are now level 7!
You rejoin the land of the living...
Are you sure you want to abandon this character and quit the game? (Confirm with "yes".)

#.....####
#......#.##....รท.#
#.....#
***#).....#.##......#
#.....#
#....####.#.####.##.#
#.....# #.#####...#.#
#.##.. #.###.# #,*
#.###.# #..... ..##..#
*,* #.# #.# ######
#.#...## *,*####.###.#
#......######.##........#
#.#...........##@#......#
#.##.###########........#
#.#...## #........#
#......# #........#
####### ###....#
###......###......
####.#)# #.<..##....#####
.....#.# ##.#.##.####
######)# #.#.##.#
######)# #.#.##.#


There were no monsters in sight!

Vanquished Creatures
  2 sky beasts
  2 ogres
  A centaur (D:5)
  A gnoll sergeant (D:5)
  2 scorpions (D:5)
  A killer bee (D:6)
  3 crimson imps
  3 orc wizards
  3 orc priests (D:3)
  2 hounds (D:6)
  A centaur skeleton (D:4)
  Jessica (D:2)
  A bullfrog skeleton (D:4)
  A worker ant (D:4)
  A hound skeleton (D:4)
  A howler monkey skeleton (D:4)
  4 gnolls (D:5)
  7 adders
  An ooze (D:1)
  An adder skeleton (D:6)
  4 worms
  2 dart slugs
  3 leopard geckos
  13 orcs
  2 giant cockroaches
  5 goblins
  8 hobgoblins
  5 jackals (D:2)
  2 quokkas (D:2)
  A ball python (D:2)
  8 bats
  6 frilled lizards
  A jackal skeleton (D:4)
  A jackal zombie (D:2)
  4 kobolds
  6 rats
110 creatures vanquished.

Notes
Turn   | Place    | Note
-------+----------+-------------------------------------------
     0 | D:1      | inc the Felid Monk began the quest for the Orb.
     0 | D:1      | Reached XP level 1. HP: 10/10 MP: 2/2
   152 | D:1      | Reached XP level 2. HP: 11/14 MP: 3/3
   157 | D:1      | Reached skill level 5 in Dodging
   915 | D:2      | Reached XP level 3. HP: 14/17 MP: 4/4
   942 | D:2      | Noticed Terence
  2128 | D:2      | Noticed Jessica
  2135 | D:2      | Killed Jessica
  2135 | D:2      | Reached XP level 4. HP: 20/21 MP: 5/5
  2453 | D:3      | Reached XP level 5. HP: 4/24 MP: 6/6
  2471 | D:3      | Gained mutation: Your mind is acute. (Int +2) [potion of mutation]
  2471 | D:3      | Gained mutation: You are resistant to hostile enchantments. (MR+) [potion of mutation]
  2550 | D:4      | Noticed an ogre
  2550 | D:4      | Noticed letownia2's ghost (weakling MfTm)
  2551 | D:4      | Noticed a phantom
  2579 | D:5      | Entered Level 5 of the Dungeon
  2824 | D:5      | Noticed a centaur
  3642 | D:4      | Gained mutation: You are covered in thick fur. (AC +2) [Felid growth]
  3642 | D:4      | Reached XP level 6. HP: 27/28 MP: 7/7
  3940 | D:4      | Reached skill level 5 in Unarmed Combat
  4537 | D:4      | Noticed Sigmund
  4628 | D:6      | Noticed Prince Ribbit
  4630 | D:6      | Noticed a sky beast
  4649 | D:6      | Reached skill level 3 in Stealth
  4649 | D:6      | Reached XP level 7. HP: 31/31 MP: 8/8
  4670 | D:6      | Reached skill level 4 in Stealth
  4913 | D:6      | Reached skill level 5 in Stealth
  4969 | D:5      | Found an opulent altar of Gozag.
  5004 | D:5      | Reached skill level 6 in Stealth
  5064 | D:5      | Found a glowing golden altar of the Shining One.
  5237 | D:4      | Reached skill level 7 in Stealth
  5476 | D:5      | Reached skill level 8 in Stealth
  5619 | D:5      | Reached skill level 9 in Stealth
  5619 | D:5      | Reached XP level 8. HP: 34/34 MP: 9/9
  5672 | D:5      | Became a worshipper of Gozag Ym Sagoz the Greedy
  5705 | D:5      | Reached skill level 10 in Stealth
  5835 | D:5      | Slain by an ogre
  5836 | D:5      | Reached XP level 7. HP: -1/31 MP: 8/8
  5836 | D:5      | Quit the game

Skill      XL: |  1  2  3  4  5  6  7  8 |
---------------+-------------------------+-----
Dodging        | 5 6 7 |  7.8
Unarmed Combat | 4 6 |  6.0
Stealth        | 3 9 10 | 10.3
Fighting       | |  3.0

Action                   |  1- 3 |  4- 6 |  7- 9 || total
-------------------------+-------+-------+-------++-------
Melee: Unarmed           |   102 |   184 |   130 ||   416
       Bite              |    10 |    17 |    20 ||    47
       Punch             |     3 |     5 |     5 ||    13
  Use: Scroll            |       |     7 |     2 ||     9
       Potion            |       |     6 |     2 ||     8
 Stab: Sleeping          |    10 |     3 |     3 ||    16
  Eat: Chunk             |     1 |     9 |     7 ||    17
Armor: Skin              |     3 |    57 |     1 ||    61
Dodge: Dodged            |    67 |   178 |   113 ||   358
